 Dungeon Sprint DCSS version 0.26-a0-649-gf8c6c3aab7 (webtiles) character file.

Game seed: 10135241925861129033

1300000 TerrariaFan the Formicid Barricade (level 19, -26/189 HPs)
             Began as a Formicid Fighter on Sept 27, 2020.
             Annihilated by a meat berserker
             ... wielding a +9 battleaxe
              (58 damage)
             ... in the Dungeon (Sprint VIII: "Arena of Blood").
             The game lasted 00:00:30 (13 turns).

TerrariaFan the Formicid Barricade (Formicid Fighter) Turns: 13, Time: 00:00:31

Health: -26/189    AC: 13    Str: 28    XL:     19   Next: 54%
Magic:  18/36      EV: 16    Int:  9    God:
Gold:   0          SH: 19    Dex: 10    Spells: 45/45 levels left

rFire    . . .     SeeInvis +   h - +∞ Axe of Woe
rCold    . . .     Faith    .   c - +0 kite shield
rNeg     . . .     Spirit   .   b - +0 scale mail
rPois    .         Reflect  .   (helmet unavailable)
rElec    .         Harm     .   (no cloak)
rCorr    .         Rampage  .   (no gloves)
MR       +....                  (no boots)
Stlth    +++++.....             (no amulet)
HPRegen  0.41/turn              (no ring)
MPRegen  0.25/turn              (no ring)

@: no status effects
A: permanent stasis, dig shafts and tunnels, four strong arms, antennae 3
a: Dig


You were in the Dungeon.
You visited 1 branch

Inventory:

Hand Weapons
 a - a +0 war axe
 h - the +∞ Axe of Woe (weapon)
   (You found it in the Dungeon)
Armour
 b - a +0 scale mail (worn)
 c - a +0 kite shield (worn)
Potions
 d - a potion of might
 e - a potion of curing
 f - a potion of heal wounds
 g - 2 potions of magic


   Skills:
 O Level 27 Fighting
 O Level 27 Axes
 + Level 13.7 Throwing
 O Level 27 Armour
 + Level 12.8 Dodging
 + Level 17.2 Stealth
 O Level 27 Shields
 + Level 13.7 Unarmed Combat
 + Level 13.7 Spellcasting


You had 45 spell levels left.
You didn't know any spells.
Your spell library was empty.

Dungeon Overview and Level Annotations

Branches:
Dungeon (1/1)

Altars:
Makhleb


Innate Abilities, Weirdness & Mutations

You cannot be hasted, slowed, berserked, paralysed or teleported.
You can dig through walls and to a lower floor.
Your four strong arms can wield two-handed weapons with a shield.
You have a pair of large antennae on your head. (SInv)


Message History

You kill the meat berserker!
Your Throwing skill gained 4 levels and is now at level 12!
Your Dodging skill gained 4 levels and is now at level 11!
Your Stealth skill gained 5 levels and is now at level 15!
Your Unarmed Combat skill gained 4 levels and is now at level 12!
Your Spellcasting skill gained 4 levels and is now at level 12!
You have reached level 19!
You slice the bag of meat!!
You fatally mangle the bag of meat.
You kill the bag of meat!
Your Throwing skill increases to level 13!
Your Dodging skill increases to level 12!
Your Stealth skill gained 2 levels and is now at level 17!
Your Unarmed Combat skill increases to level 13!
Your Spellcasting skill increases to level 13!
You hear a shout! x3
A bag of meat comes into view. It is wielding a +9 war axe. x2
You hear a shout! x3
A bag of meat comes into view. It is wielding a +9 war axe.
The meat berserker hits you with a +9 battleaxe!!!
You die...

..........o......... {
#.......# ..........
#.......# ..........
.###.. ....###.o.......
......###.............#
o....._..........o...
#.....#).)Ooo.#.#..
#_.<._....o@O.....o
#....)#.).)O.#.#.#.
......_.....o.oo....
......###......o..#.#
.###.. ....###........
{{#.......# ......o...
{#....o..# .....o....
..o....Oo........oO


You could see 4 meat berserkers and 15 bags of meat.

Vanquished Creatures
  5 ogres (D)
  6 orcs (D)
11 creatures vanquished.

Notes
Turn   | Place    | Note
-------+----------+-------------------------------------------
     0 | D        | Found the +∞ Axe of Woe
     0 | D        | TerrariaFan the Formicid Fighter began the quest for the
                  | Orb.
     0 | D        | Reached XP level 1. HP: 18/18 MP: 1/1
     1 | D        | Noticed a meat berserker
     2 | D        | Noticed a bag of meat
     2 | D        | Noticed a bag of meat
     3 | D        | Noticed a bag of meat
     4 | D        | Killed a meat berserker
     4 | D        | Reached XP level 2. HP: 51/51 MP: 2/2
     4 | D        | Reached XP level 3. HP: 58/58 MP: 3/3
     4 | D        | Reached XP level 4. HP: 65/65 MP: 4/4
     4 | D        | Reached XP level 5. HP: 72/72 MP: 5/5
     4 | D        | Reached XP level 6. HP: 79/79 MP: 6/6
     4 | D        | Reached XP level 7. HP: 86/86 MP: 7/7
     4 | D        | Reached XP level 8. HP: 93/93 MP: 8/8
     4 | D        | Reached XP level 9. HP: 99/99 MP: 9/9
     4 | D        | Reached XP level 10. HP: 107/107 MP: 10/10
     4 | D        | Reached XP level 11. HP: 113/113 MP: 11/11
     4 | D        | Reached XP level 12. HP: 121/121 MP: 12/12
     4 | D        | Reached XP level 13. HP: 127/127 MP: 13/13
     4 | D        | Noticed a bag of meat
     5 | D        | Noticed a meat berserker
     6 | D        | Noticed a bag of meat
     7 | D        | Noticed a bag of meat
     7 | D        | Noticed a bag of meat
     7 | D        | Noticed a bag of meat
     8 | D        | Killed a bag of meat
     8 | D        | Reached XP level 14. HP: 139/139 MP: 14/14
     8 | D        | Killed a bag of meat
     8 | D        | Reached XP level 15. HP: 149/149 MP: 15/15
     8 | D        | Noticed a meat berserker
     8 | D        | Noticed a meat berserker
     9 | D        | Noticed a meat berserker
     9 | D        | Noticed a meat berserker
     9 | D        | Noticed a meat berserker
    10 | D        | Noticed a meat berserker
    11 | D        | Killed a meat berserker
    11 | D        | Reached skill level 15 in Axes
    11 | D        | Reached XP level 16. HP: 57/162 MP: 16/16
    11 | D        | Killed a meat berserker
    11 | D        | Reached skill level 27 in Fighting
    11 | D        | Reached skill level 27 in Shields
    13 | D        | Killed a meat berserker
    13 | D        | Reached skill level 27 in Armour
    13 | D        | Reached XP level 17. HP: 29/174 MP: 17/17
    13 | D        | Reached XP level 18. HP: 30/182 MP: 18/18
    13 | D        | Reached skill level 27 in Axes
    13 | D        | Reached skill level 10 in Stealth
    13 | D        | Killed a meat berserker
    13 | D        | Reached skill level 15 in Stealth
    13 | D        | Reached XP level 19. HP: 31/189 MP: 18/35
    13 | D        | Annihilated by a meat berserker

Illustrated notes

Levels and vault maps discovered:
D:        meatsprint

Skill      XL: |  1  2  3  4  5  6  7  8  9 10 11 12 13 14 15 16 17 18 19 |
---------------+----------------------------------------------------------+-----
Fighting       | 20 21 23 25 27 | 27.0
Axes           | 11 12 13 15 23 25 27 | 27.0
Armour         | 19 20 22 24 27 | 27.0
Shields        | 20 22 23 25 27 | 27.0
Throwing       | 12 13 | 13.7
Dodging        | 11 12 | 12.8
Stealth        | 15 17 | 17.2
Unarmed Combat | 12 13 | 13.7
Spellcasting   | 12 13 | 13.7

Action                   |  1- 3 |  4- 6 |  7- 9 | 10-12 | 13-15 | 16-18 | 19-21 || total
-------------------------+-------+-------+-------+-------+-------+-------+-------++-------
Melee: Executioner's axe |     1 |       |       |       |     2 |     1 |       ||     4
 Abil: Dig               |       |       |       |       |     1 |       |       ||     1
Block: Kite shield       |       |       |       |       |       |     1 |       ||     1

Table legend: (Time is in decaauts)
 A = Elapsed time spent in this place.
 B = Non-inter-level travel time spent in this place.
 C = Inter-level travel time spent in this place.
 D = Time resting spent in this place.
 E = Time spent auto-exploring this place.
 F = Levels seen in this place.
 G = Mean time per level.
                   A        B        C        D        E       F      G
               +--------+--------+--------+--------+--------+-----+--------+
         Total |     14 |     14 |      0 |      0 |      0 |   1 |   14.0 |
       Dungeon |     14 |     14 |      0 |      0 |      0 |   1 |   14.0 |
               +--------+--------+--------+--------+--------+-----+--------+

Top non-repeatable levels by time:
       D: 14 daAuts
